[Event "FIDE Womens Grand Swiss 2021"]
[Site "Riga"]
[Date "2021.11.07"]
[Round "11.5"]
[White "Kosteniuk, Alexandra"]
[Black "Munguntuul, Batkhuyag"]
[Result "1/2-1/2"]
[ECO "B12"]
[WhiteElo "2518"]
[BlackElo "2433"]
[Annotator "RC"]
[PlyCount "113"]
[EventDate "2021.10.27"]
[EventType "swiss"]
[EventCountry "LAT"]
[Tiebreak "Cut1 Buchholz+Sonneborn-Berger (Swiss)"]
[SourceTitle "playchess.com"]
[Source "ChessBase"]
[SourceQuality "1"]
[TimeControl "40/6000+30:20/3000+30:900+30"]

1. e4 c6 2. d4 d5 3. e5 c5 4. dxc5 e6 5. Bd3 Bxc5 6. Qg4 g6 7. Nf3 Nc6 8. O-O Qc7 9. Re1 Bd7 10. a3 O-O-O 11. c4 dxc4 12. Qxc4 Qb6 13. Qc2 Kb8 14. b4 Bd4 15. Ra2 a6 16. Qe2 Nge7 17. Rc2 Nd5 18. Rc4 Qa7 19. Bd2 Bb6 20. Bg5 Rc8 21. Qb2 h6 22. Bh4 g5 23. Bg3 Nce7 24. Nbd2 Nf4 25. Bf1 Bc6 26. a4 a5 27. Rb1 Bd5 28. bxa5 Bxa5 29. Bxf4 gxf4 30. Rxf4 Bc3 31. Qa3 Ng6 32. Rxf7 Nxe5 33. Qd6+ Ka8 34. Nxe5 Bxd2 35. Nc4 Ba5 36. Qe5 Rhf8 37. Rxf8 Rxf8 38. Ne3 Bb6 39. Qg7 Bc5 40. Qxh6 Qxa4 41. Rc1 Qd4 42. h4 Ka7 43. Rc2 Bb3 44. Re2 Rh8 45. Qg5 Rxh4 46. Rd2 Qxd2 47. Qxc5+ Kb8 48. Qf8+ Ka7 49. Qa3+ Ba4 50. Nc4 Qd1 51. Qc5+ Kb8 52. Qe5+ Ka7 53. Qa5+ Kb8 54. Qe5+ Ka7 55. Qe3+ Qd4 56. Qa3 Qd1 57. Qc5+ 1/2-1/2

[Event "FIDE Womens Grand Swiss 2021"]
[Site "Riga"]
[Date "2021.11.07"]
[Round "11.6"]
[White "Batsiashvili, Nino"]
[Black "Javakhishvili, Lela"]
[Result "0-1"]
[ECO "E14"]
[WhiteElo "2484"]
[BlackElo "2446"]
[Annotator "RC"]
[PlyCount "104"]
[EventDate "2021.10.27"]
[EventType "swiss"]
[EventCountry "LAT"]
[Tiebreak "Cut1 Buchholz+Sonneborn-Berger (Swiss)"]
[SourceTitle "playchess.com"]
[Source "ChessBase"]
[SourceQuality "1"]
[TimeControl "40/6000+30:20/3000+30:900+30"]

1. d4 Nf6 2. Nf3 d5 3. c4 e6 4. Nc3 Nbd7 5. e3 Be7 6. b3 O-O 7. Bd3 b6 8. O-O Bb7 9. Bb2 Ne4 10. Qc2 Ndf6 11. Ne2 c5 12. Ne5 cxd4 13. exd4 Rc8 14. Rac1 Nd7 15. Rcd1 Bd6 16. f3 Nef6 17. Ng3 dxc4 18. bxc4 b5 19. Nxd7 Qxd7 20. c5 Be7 21. Rfe1 g6 22. Qd2 Nd5 23. Ne4 Rfe8 24. Qh6 Bf8 25. Qh4 a6 26. Ng5 f6 27. Nh3 Bg7 28. Re2 f5 29. Rde1 Bf6 30. Qh6 Nb4 31. Bb1 Bxd4+ 32. Bxd4 Qxd4+ 33. Kh1 Qg7 34. Qxg7+ Kxg7 35. Nf4 Nd5 36. Nxe6+ Kf6 37. Bd3 Nb4 38. Bb1 Rc6 39. a3 Rcxe6 40. Rxe6+ Rxe6 41. Rxe6+ Kxe6 42. axb4 Ke5 43. Kg1 Kd4 44. Kf2 Kc3 45. h4 Kxb4 46. h5 Kxc5 47. g4 Bc8 48. Kg3 a5 49. Ba2 gxh5 50. g5 a4 51.
Bg8 a3 52. Kh4 Kd6 0-1

[Event "FIDE Womens Grand Swiss 2021"]
[Site "Riga"]
[Date "2021.11.07"]
[Round "11.7"]
[White "Vantika Agrawal"]
[Black "Pogonina, Natalija"]
[Result "1/2-1/2"]
[ECO "E15"]
[WhiteElo "2322"]
[BlackElo "2467"]
[Annotator "RC"]
[PlyCount "94"]
[EventDate "2021.10.27"]
[EventType "swiss"]
[EventCountry "LAT"]
[Tiebreak "Cut1 Buchholz+Sonneborn-Berger (Swiss)"]
[SourceTitle "playchess.com"]
[Source "ChessBase"]
[SourceQuality "1"]
[TimeControl "40/6000+30:20/3000+30:900+30"]

1. d4 Nf6 2. c4 e6 3. Nf3 b6 4. g3 Ba6 5. b3 Bb4+ 6. Bd2 Be7 7. Bg2 c6 8. Bc3 d5 9. Ne5 Nfd7 10. Nxd7 Nxd7 11. Nd2 O-O 12. O-O f5 13. e3 Nf6 14. Bb2 b5 15. c5 b4 16. Re1 Bb5 17. Nf3 Ne4 18. Ne5 Bf6 19. Nd3 Bxd3 20.
Qxd3 Qc7 21. Qc2 e5 22. f3 Nc3 23. Bxc3 bxc3 24. Qxc3 f4 25.
exf4 exf4 26. g4 Rae8 27. b4 g6 28. Kh1 Qg7 29. Rxe8 Rxe8 30. Re1 Kf8 31. Qd2 g5 32. Rxe8+ Kxe8 33. Qe2+ Qe7 34. Bf1 Qxe2 35. Bxe2 Bxd4 36. Kg2 Kd7 37. Kf1 h6 38. Ba6 Bc3 39. b5 Kc7 40. Ke2 Bd4 41. Kd3 Bxc5 42. bxc6 Kxc6 43. Bc8 Be3 44. Be6 Kc5 45. Bf7 d4 46. h3 Kb4 47. Kc2 a5 1/2-1/2

[Event "FIDE Womens Grand Swiss 2021"]
[Site "Riga"]
[Date "2021.11.07"]
[Round "11.8"]
[White "Zawadzka, Jolanta"]
[Black "Osmak, Iulija"]
[Result "1-0"]
[ECO "B11"]
[WhiteElo "2428"]
[BlackElo "2423"]
[Annotator "NA RC"]
[PlyCount "111"]
[EventDate "2021.10.27"]
[EventType "swiss"]
[EventCountry "LAT"]
[Tiebreak "Cut1 Buchholz+Sonneborn-Berger (Swiss)"]
[SourceTitle "playchess.com"]
[Source "ChessBase"]
[SourceQuality "1"]
[TimeControl "40/6000+30:20/3000+30:900+30"]

1. e4 c6 2. Nc3 d5 3. Nf3 Bg4 4. h3 Bxf3 5. Qxf3 e6 6. d4 Nf6 7. Be2 dxe4 8. Qe3 Nd5 9. Qxe4 Be7 10. O-O O-O 11. Rd1 Bg5 12. f4 Bf6 13. Bd3 g6 14. Ne2 Nd7 15. a3 b5 16. Kh1 Qb6 17. Qf3 Bg7 18.
c3 Rad8 19. b3 c5 20. c4 Nc7 21. Bb2 cxd4 22. cxb5 Nc5 23. a4 Nxb3 24. Rab1 Na5 25. Rbc1 Rd7 26. Ba3 Rfd8 27. Bc5 Qb8 28. Be4 a6 29. Bb4 Qb6 30. Bc5 Qb8 31. Bb4 Qb6 32. Bc6 Nxc6 33. Rxc6 Qb8 34. Ba5 d3 35. Ng3 axb5 36. axb5 Nxb5 37. Rb6 Qa7 38. Rxb5 Rb8 39. Qc6 Rxb5 40. Qxb5 h5 41. Ne4 Rd5 42. Qe8+ Kh7 43. Bd2 Bd4 44. Bb4 Rf5 45. Ng5+ Kh6 46. Be7 Rxf4 47. Nxf7+ Kh7 48. Ng5+ Kh6 49. Nxe6 Rf5 50. h4 d2 51. Bg5+ Kh7 52. Nf8+ Rxf8 53. Qxf8 Qa4 54. Qh6+ Kg8 55. Qxg6+ Bg7 56. Qxh5 1-0

[Event "FIDE Womens Grand Swiss 2021"]
[Site "Riga"]
[Date "2021.11.07"]
[Round "11.9"]
[White "Dzagnidze, Nana"]
[Black "Stefanova, Antoaneta"]
[Result "1/2-1/2"]
[ECO "D31"]
[WhiteElo "2524"]
[BlackElo "2475"]
[Annotator "RC"]
[PlyCount "195"]
[EventDate "2021.10.27"]
[EventType "swiss"]
[EventCountry "LAT"]
[Tiebreak "Cut1 Buchholz+Sonneborn-Berger (Swiss)"]
[SourceTitle "playchess.com"]
[Source "ChessBase"]
[SourceQuality "1"]
[TimeControl "40/6000+30:20/3000+30:900+30"]

1. d4 d5 2. c4 c6 3. Nc3 Nf6 4. e3 e6 5. b3 Bb4 6. Bb2 Ne4 7. Qc2 f5 8. Bd3 Nd7 9. Nge2 Qh4 10. Nf4 Qe7 11. O-O Bd6 12. f3 Nxc3 13. Bxc3 O-O 14. Rad1 Nf6 15. Kh1 b6 16. Be1 Bb7 17. Bg3 Rae8 18. Ne2 Bxg3 19. Nxg3 c5 20. Ne2 Kh8 21. Nc3 Rc8 22. Qb2 Rfd8 23. Rfe1 Qf7 24. dxc5 Rxc5 25. cxd5 Nxd5 26. Bc4 Qe7 27. Bxd5 Bxd5 28. Ne2 Rdc8 29. Rd2 Bc6 30. Red1 Be8 31. Kg1 h6 32. Qd4 e5 33. Qb4 Qg5 34. Kf2 Bb5 35. Ng3 a5 36. Qa3 Rc3 37. Nf1 Bxf1 38. Kxf1 Qxe3 39. Qd6 Rc1 40. Rxc1 Rxc1+ 41. Rd1 Kh7 42. Qd7 Qf4 43. Rxc1 Qxc1+ 44. Kf2 Qc5+ 45. Kg3 e4 46. Qe6 exf3 47. gxf3 Qg1+ 48. Kh3 Qg6 49. Qe5 Qf7 50. Kg3 Qd7 51. h4 Kg6 52. Qb8 Qe6 53. Qc7 Qf6 54. Qc4 Kh5 55. Qf4 g5 56. Qc4 f4+ 57. Kg2 Kxh4 58. Qc1 g4 59. fxg4 Kxg4 60. Qc8+ Qf5 61. Qg8+ Kh4 62. Kf3 Qg5 63. Qf8 Qg3+ 64. Ke2 f3+ 65. Ke3 h5 66. Qf7 Qe1+ 67. Kf4 Qg3+ 68. Ke3 Qe1+ 69. Kf4 f2 70. Qf6+ Kh3 71. Qf5+ Kg2 72. Qd5+ Kg1 73. Qg5+ Kf1 74. Qxh5 Qd2+ 75. Kg3 Qe3+ 76. Kh2 Ke1 77. Qh4 Qf3 78. b4 Ke2 79. Qc4+ Qd3 80. Qg4+ Ke1 81. Qh4 Qd6+ 82. Kg2 Qd5+ 83. Kh2 a4 84. b5 Qxb5 85. Qe4+ Qe2 86. Qb1+ Qd1 87. Qb4+ Qd2 88. Qe4+ Kd1 89. Qxa4+ Qc2 90. Qd4+ Ke2 91. Qe5+ Kf3 92. Qg3+ Ke2 93. Qe5+ Kd3 94. Kg2 Qxa2 95. Qb5+ Kd2 96. Qxb6 Qd5+ 97. Kxf2 Qf5+ 98. Kg2 1/2-1/2

[Event "FIDE Womens Grand Swiss 2021"]
[Site "Riga"]
[Date "2021.11.07"]
[Round "11.10"]
[White "Saduakassova, Dinara"]
[Black "Cramling, Pia"]
[Result "0-1"]
[ECO "D02"]
[WhiteElo "2491"]
[BlackElo "2447"]
[Annotator "RC"]
[PlyCount "154"]
[EventDate "2021.10.27"]
[EventType "swiss"]
[EventCountry "LAT"]
[Tiebreak "Cut1 Buchholz+Sonneborn-Berger (Swiss)"]
[SourceTitle "playchess.com"]
[Source "ChessBase"]
[SourceQuality "1"]
[TimeControl "40/6000+30:20/3000+30:900+30"]

1. d4 Nf6 2. Nf3 d5 3. Bf4 c5 4. e3 Nc6 5. Nbd2 cxd4 6.
exd4 Qb6 7. Nb3 Bf5 8. c3 e6 9. a4 a6 10. Be2 Be7 11. O-O O-O 12. Nh4 Be4 13. f3 Bg6 14. Nxg6 hxg6 15. a5 Qd8 16. Qd2 Ne8 17. Bd3 Nd6 18. Qe2 Re8 19. Nc5 e5 20. dxe5 Nc4 21. Nb3 N6xe5 22. Bxe5 Nxe5 23. f4 Nc4 24. Qf2 Bf6 25. f5 g5 26. Ra4 Rc8 27. Rd1 Qe7 28. Bf1 Qe5 29. Nd4 Rc7 30. Raa1 Qe3 31. Bxc4 dxc4 32. Re1 Qxf2+ 33. Kxf2 Rxe1 34. Kxe1 Bxd4 35. cxd4 Rd7 36.
Ra4 Rxd4 37. Rb4 Rf4 38. Rxb7 Rxf5 39. Rc7 Rxa5 40. Rxc4 Rf5 41. Ra4 Rf6 42. Ke2 Kh7 43. Ke3 Kg6 44. Rb4 Kh5 45. Rb7 g4 46. Rb4 g6 47. Rc4 Kg5 48. Ke2 Rf4 49. Rc6 a5 50. b3 Rf5 51. Rc3 Rd5 52. Rc4 f5 53. b4 a4 54. b5 a3 55. Ra4 Rxb5 56.
Rxa3 Rb2+ 57. Kf1 Rb1+ 58. Kf2 Rh1 59. h3 gxh3 60. gxh3 Rb1 61. Ra4 Rb2+ 62. Kg3 Rb3+ 63. Kg2 f4 64. Ra8 Rg3+ 65. Kh2 Re3 66.
Kg2 Kh6 67. Ra5 g5 68. Ra6+ Kh5 69. Ra8 Kg6 70. Ra5 Re2+ 71. Kg1 Kh5 72. Ra8 Kh4 73. Rg8 Re3 74. Rh8+ Kg3 75. Kf1 Ra3 76. Rg8 Ra1+ 77. Ke2 f3+ 0-1

[Event "FIDE Womens Grand Swiss 2021"]
[Site "Riga"]
[Date "2021.11.07"]
[Round "11.11"]
[White "Sukandar, Irine Kharisma"]
[Black "Girya, Olga"]
[Result "0-1"]
[ECO "A46"]
[WhiteElo "2406"]
[BlackElo "2410"]
[Annotator "NA RC"]
[PlyCount "124"]
[EventDate "2021.10.27"]
[EventType "swiss"]
[EventCountry "LAT"]
[Tiebreak "Cut1 Buchholz+Sonneborn-Berger (Swiss)"]
[SourceTitle "playchess.com"]
[Source "ChessBase"]
[SourceQuality "1"]
[TimeControl "40/6000+30:20/3000+30:900+30"]

1. d4 Nf6 2. Bf4 e6 3. e3 c5 4. Nf3 cxd4 5. exd4 b6 6. Nbd2 Be7 7. Bd3 O-O 8. c3 Ba6 9. Ne5 Bxd3 10. Nxd3 Nc6 11. Qf3 Rc8 12. h4 b5 13. a3 a5 14. Be3 b4 15. axb4 axb4 16. c4 d5 17. c5 h5 18. O-O Ng4 19. g3 Bf6 20. Nb3 e5 21. dxe5 Ncxe5 22. Nxe5 Bxe5 23. Bg5 Qd7 24. Rfd1 Bxb2 25. Ra2 Bc3 26. Qxd5 Qxd5 27. Rxd5 Rfe8 28. Kg2 Re1 29. Nc1 Nf6 30. Rf5 Ne4 31. Be3 Nxc5 32. Ra7 b3 33. Nxb3 Nxb3 34. Rfxf7 Ra1 35. Rab7 Na5 36. Rfc7 Rxc7 37. Rxc7 Bf6 38. Rc5 g6 39. Rc7 Rb1 40. Kf3 Rb5 41. Ke4 Nb7 42. Rc6 Kf7 43. Kf3 Nd8 44. Rc7+ Ke6 45. Kg2 Kf5 46. Kh3 Rd5 47. Rc4 Ne6 48. Kg2 Rd3 49. Bh6 Bd4 50. Rc6 Rc3 51. Rxc3 Bxc3 52. f3 Nd4 53. Bg7 Ne2 54. Bf8 Be5 55. f4 Bd4 56. Kf3 Ng1+ 57. Kg2 Kg4 58.
Bd6 Ne2 59. f5 gxf5 60. Bc7 Nc3 61. Bb8 Ne4 62. Bc7 Bc5 0-1

[Event "FIDE Womens Grand Swiss 2021"]
[Site "Riga"]
[Date "2021.11.07"]
[Round "11.12"]
[White "Kashlinskaya, Alina"]
[Black "Vaishali R"]
[Result "1-0"]
[ECO "D87"]
[WhiteElo "2493"]
[BlackElo "2419"]
[Annotator "RC"]
[PlyCount "85"]
[EventDate "2021.10.27"]
[EventType "swiss"]
[EventCountry "LAT"]
[Tiebreak "Cut1 Buchholz+Sonneborn-Berger (Swiss)"]
[SourceTitle "playchess.com"]
[Source "ChessBase"]
[SourceQuality "1"]
[TimeControl "40/6000+30:20/3000+30:900+30"]

1. d4 Nf6 2. c4 g6 3. Nc3 d5 4. cxd5 Nxd5 5. e4 Nxc3 6. bxc3 Bg7 7. Bc4 c5 8. Ne2 O-O 9. h4 cxd4 10. cxd4 Nc6 11. Be3 Qa5+ 12. Kf1 b5 13. Bb3 Bb7 14. h5 Rfd8 15. Rc1 e6 16. hxg6 hxg6 17. Bh6 Bxh6 18. Rxh6 Kg7 19. Rh3 Qb4 20. Rxc6 Bxc6 21. Qc1 Rh8 22. Qxc6 a5 23. Bxe6 Ra6 24. Qxa6 Qb1+ 25. Nc1 Qxc1+ 26. Ke2 Qc2+ 27. Kf3 Qd3+ 28. Kf4 Qxd4 29. Rxh8 Qxf2+ 30. Ke5 Qg3+ 31. Kd5 Qd3+ 32. Kc5 Qc3+ 33. Kxb5 fxe6 34. Qc8 Qd3+ 35. Kxa5 Qa3+ 36. Kb6 Qb2+ 37. Kc6 Qc3+ 38. Kd7 Qd4+ 39. Ke8 Qf6 40. Rh3 Qf7+ 41. Kd8 Qf6+ 42. Kd7 Qd4+ 43. Ke8 1-0

[Event "FIDE Womens Grand Swiss 2021"]
[Site "Riga"]
[Date "2021.11.07"]
[Round "11.13"]
[White "Shuvalova, Polina"]
[Black "Melia, Salome"]
[Result "1-0"]
[ECO "B31"]
[WhiteElo "2509"]
[BlackElo "2371"]
[Annotator "RC"]
[PlyCount "53"]
[EventDate "2021.10.27"]
[EventType "swiss"]
[EventCountry "LAT"]
[Tiebreak "Cut1 Buchholz+Sonneborn-Berger (Swiss)"]
[SourceTitle "playchess.com"]
[Source "ChessBase"]
[SourceQuality "1"]
[TimeControl "40/6000+30:20/3000+30:900+30"]

1. e4 c5 2. Nf3 Nc6 3. Bb5 g6 4. O-O Bg7 5. c3 e5 6. d4 cxd4 7. cxd4 exd4 8. Bf4 a6 9. Bc4 d6 10. Qb3 Qd7 11. Nbd2 Nh6 12. Bd5 O-O 13. Nc4 Qd8 14. Nxd6 Na5 15. Qa3 Be6 16. Rac1 Bxd5 17. exd5 b5 18. b3 Ra7 19. Rc8 Qf6 20. Bg5 Qxd6 21. Qxd6 Rxc8 22. Qb6 Rd7 23. Qxa5 Rxd5 24. Qxa6 Rdc5 25. Bxh6 Bxh6 26. Nxd4 b4 27. g3 1-0

[Event "FIDE Womens Grand Swiss 2021"]
[Site "Riga"]
[Date "2021.11.07"]
[Round "11.14"]
[White "Atalik, Ekaterina"]
[Black "Garifullina, Leya"]
[Result "1-0"]
[ECO "E06"]
[WhiteElo "2420"]
[BlackElo "2409"]
[Annotator "NA RC"]
[PlyCount "127"]
[EventDate "2021.10.27"]
[EventType "swiss"]
[EventCountry "LAT"]
[Tiebreak "Cut1 Buchholz+Sonneborn-Berger (Swiss)"]
[SourceTitle "playchess.com"]
[Source "ChessBase"]
[SourceQuality "1"]
[TimeControl "40/6000+30:20/3000+30:900+30"]

1. d4 Nf6 2. Nf3 d5 3. g3 e6 4. Bg2 Be7 5. c4 O-O 6. Nc3 dxc4 7. Ne5 c5 8. dxc5 Qxd1+ 9. Nxd1 Bxc5 10. Nxc4 Nc6 11. Be3 Bb4+ 12. Nc3 Bd7 13. O-O-O Rad8 14. Nd6 Bc8 15. Nxc8 Rxc8 16. h3 b6 17. Kb1 Bxc3 18. bxc3 e5 19. g4 h6 20. Bxh6 gxh6 21. Rd6 Ne7 22. Rxf6 Kg7 23. Rf3 Nd5 24. Rc1 Rc5 25. c4 Nf4 26. Bf1 Rd8 27. Rfc3 Ne6 28.
e3 Ng5 29. Bg2 e4 30. Kc2 Rd6 31. Kb3 b5 32. Kb4 Rxc4+ 33. Rxc4 bxc4 34. h4 Nf3 35. Bxf3 exf3 36. Rc2 c3 37. Kxc3 Rg6 38. Kd3 Rxg4 39. e4 f5 40. Rc7+ Kf6 41. Rc6+ Kg7 42. exf5 Ra4 43. Rg6+ Kf7 44. Rxh6 Rxa2 45. Ke3 Ra4 46. Kxf3 Rb4 47. Kg3 a5 48. Ra6 a4 49. h5 Kg7 50. f4 Rb1 51. f6+ Kf7 52. Kg4 Rb5 53. h6 Kg6 54. f7+ Kxf7 55.
Ra7+ Kg6 56. h7 Rb8 57. f5+ Kh6 58. f6 a3 59. Kf5 Rb5+ 60.
Ke6 Rb8 61. f7 a2 62. h8=Q+ Rxh8 63. Ke7 Kg6 64. Rxa2 1-0

[Event "FIDE Womens Grand Swiss 2021"]
[Site "Riga"]
[Date "2021.11.07"]
[Round "11.15"]
[White "Kamalidenova, Meruert"]
[Black "Socko, Monika"]
[Result "1/2-1/2"]
[ECO "C18"]
[WhiteElo "2339"]
[BlackElo "2397"]
[Annotator "NA RC"]
[PlyCount "61"]
[EventDate "2021.10.27"]
[EventType "swiss"]
[EventCountry "LAT"]
[Tiebreak "Cut1 Buchholz+Sonneborn-Berger (Swiss)"]
[SourceTitle "playchess.com"]
[Source "ChessBase"]
[SourceQuality "1"]
[TimeControl "40/6000+30:20/3000+30:900+30"]

1. e4 e6 2. d4 d5 3. Nc3 Bb4 4. e5 c5 5. a3 Ba5 6. b4 cxd4 7. Nb5 Bc7 8. f4 Bd7 9. Nxc7+ Qxc7 10. Nf3 Ba4 11. Bd3 Ne7 12. O-O Qb6 13. Kh1 Bb5 14. Nxd4 Bxd3 15. Qxd3 Nbc6 16. Nb5 O-O 17. Be3 Qd8 18. Nd6 Qc7 19. c4 dxc4 20. Qxc4 Nd5 21. Bc5 Rfd8 22. Qe4 b6 23. Bf2 Nce7 24. Bh4 Rf8 25. Qd3 Ng6 26. Bg3 Qc3 27. Qe4 Qe3 28. Qc4 Qc3 29. Qe4 Qe3 30. Qc4 Qc3 31. Qe4 1/2-1/2

[Event "FIDE Womens Grand Swiss 2021"]
[Site "Riga"]
[Date "2021.11.07"]
[Round "11.16"]
[White "Abdumalik, Zhansaya"]
[Black "Cyfka, Karina"]
[Result "1-0"]
[ECO "C42"]
[WhiteElo "2507"]
[BlackElo "2409"]
[Annotator "RC"]
[PlyCount "63"]
[EventDate "2021.10.27"]
[EventType "swiss"]
[EventCountry "LAT"]
[Tiebreak "Cut1 Buchholz+Sonneborn-Berger (Swiss)"]
[SourceTitle "playchess.com"]
[Source "ChessBase"]
[SourceQuality "1"]
[TimeControl "40/6000+30:20/3000+30:900+30"]

1. e4 e5 2. Nf3 Nf6 3. Nxe5 d6 4. Nf3 Nxe4 5. Nc3 Nxc3 6.
dxc3 Be7 7. Be3 O-O 8. Qd2 Nd7 9. O-O-O Nf6 10. Bd3 c5 11.
Rhe1 Be6 12. Bg5 d5 13. Qf4 Re8 14. c4 d4 15. Re5 b5 16.
cxb5 Qa5 17. Rxe6 fxe6 18. Bc4 Nd5 19. Qe4 Bf6 20. Rd3 Qb4 21.
Bxd5 exd5 22. Qxd5+ Kh8 23. Bxf6 gxf6 24. Qf5 Kg7 25. a3 Qc4 26. b3 Qf7 27. Qxc5 Rac8 28. Qxd4 Rc7 29. Kb2 Qh5 30. Qd6 Rf7 31. Nd4 Kh8 32. a4 1-0

[Event "FIDE Womens Grand Swiss 2021"]
[Site "Riga"]
[Date "2021.11.07"]
[Round "11.17"]
[White "Gunina, Valentina"]
[Black "Buksa, Nataliya"]
[Result "1-0"]
[ECO "D37"]
[WhiteElo "2462"]
[BlackElo "2409"]
[Annotator "RC"]
[PlyCount "81"]
[EventDate "2021.10.27"]
[EventType "swiss"]
[EventCountry "LAT"]
[Tiebreak "Cut1 Buchholz+Sonneborn-Berger (Swiss)"]
[SourceTitle "playchess.com"]
[Source "ChessBase"]
[SourceQuality "1"]
[TimeControl "40/6000+30:20/3000+30:900+30"]

1. d4 Nf6 2. c4 e6 3. Nf3 d5 4. Nc3 Be7 5. Bf4 O-O 6. e3 b6 7. Bd3 dxc4 8.
Bxc4 Ba6 9. Bxa6 Nxa6 10. Qa4 Nb4 11. O-O Qe8 12. Qb3 c5 13.
Rfd1 Rc8 14. dxc5 Bxc5 15. Be5 Qc6 16. Bxf6 gxf6 17. a3 Na6 18. Qc4 Qb7 19. Qh4 Be7 20. Ne4 Kg7 21. Ng3 f5 22. Nh5+ Kh8 23. Nf6 Bxf6 24. Qxf6+ Kg8 25. b4 Rfe8 26. Qg5+ Kh8 27. Ne5 Qe7 28. Rd7 Qxg5 29. Nxf7+ Kg7 30. Nxg5+ Kg6 31. h4 Rc7 32. Rad1 Re7 33. Rd8 Rc3 34. Rg8+ Kh5 35. Rd6 Nc7 36. e4 Rxa3 37. exf5 exf5 38. g3 Kg4 39. Kg2 f4 40. Nf3+ Kf5 41. Rg5+ 1-0

[Event "FIDE Womens Grand Swiss 2021"]
[Site "Riga"]
[Date "2021.11.07"]
[Round "11.18"]
[White "Houska, Jovanka"]
[Black "Sargsyan, Anna M."]
[Result "0-1"]
[ECO "D10"]
[WhiteElo "2381"]
[BlackElo "2402"]
[Annotator "RC"]
[PlyCount "124"]
[EventDate "2021.10.27"]
[EventType "swiss"]
[EventCountry "LAT"]
[Tiebreak "Cut1 Buchholz+Sonneborn-Berger (Swiss)"]
[SourceTitle "playchess.com"]
[Source "ChessBase"]
[SourceQuality "1"]
[TimeControl "40/6000+30:20/3000+30:900+30"]

1. d4 d5 2. c4 c6 3. Nc3 Nf6 4. e3 Bf5 5. cxd5 cxd5 6. Qb3 b6 7. Bb5+ Nbd7 8. Nxd5 Rc8 9. Nc3 e6 10. Nf3 Bd6 11. Nd2 O-O 12. e4 Rxc3 13.
Qxc3 Nxe4 14. Nxe4 Bxe4 15. O-O Nf6 16. h3 Bb8 17. Be2 Nd5 18.
Qb3 Qf6 19. Bf3 Qxd4 20. Bxe4 Qxe4 21. Bd2 Qe5 22. g3 Bd6 23. Rfe1 Qf6 24. Rac1 a5 25. Kg2 Bc5 26. Re2 h6 27. Bxa5 Bd4 28. Be1 Qg5 29. Bd2 Qf6 30. Rc2 Qg6 31. Bc1 Rd8 32. a3 e5 33. Qb5 e4 34. Rc4 Qf6 35. Qb3 g5 36. Bd2 b5 37. Rc2 Qf5 38.
Ba5 Rd6 39. f3 Ne3+ 40. Rxe3 Bxe3 41. fxe4 Qxe4+ 42. Kh2 Rd3 43. Rc8+ Kg7 44. Qc2 Bf4 45. Bc3+ f6 46. Be1 Be5 47. Rd8 Re3 48. Qxe4 Rxe4 49. Bc3 Re2+ 50. Kg1 Bxg3 51. Rd5 Kg6 52. Rxb5 f5 53. Rb6+ Kh5 54. Kf1 Rf2+ 55. Kg1 Rc2 56. Rf6 f4 57. a4 Bf2+ 58. Kf1 Kh4 59. Rxh6+ Kg3 60. Rd6 Kf3 61. Bd2 Rxb2 62. Rd3+ Be3 0-1

[Event "FIDE Womens Grand Swiss 2021"]
[Site "Riga"]
[Date "2021.11.07"]
[Round "11.19"]
[White "Danielian, Elina"]
[Black "Divya Deshmukh"]
[Result "1-0"]
[ECO "D02"]
[WhiteElo "2450"]
[BlackElo "2305"]
[Annotator "RC"]
[PlyCount "105"]
[EventDate "2021.10.27"]
[EventType "swiss"]
[EventCountry "LAT"]
[Tiebreak "Cut1 Buchholz+Sonneborn-Berger (Swiss)"]
[SourceTitle "playchess.com"]
[Source "ChessBase"]
[SourceQuality "1"]
[TimeControl "40/6000+30:20/3000+30:900+30"]

1. Nf3 d5 2. g3 Nd7 3. d4 b5 4. a4 b4 5. c4 e6 6. cxd5 exd5 7. Bf4 Ngf6 8. Nbd2 Ba6 9. Bg2 Nh5 10. Bg5 Be7 11. Bxe7 Qxe7 12. Nf1 O-O 13. Ne3 c6 14. O-O g6 15. Rc1 Rac8 16. Re1 f5 17. Qd2 Nhf6 18. Nc2 Rb8 19. Qg5 Qd6 20. Ne3 Ne4 21. Qf4 Qxf4 22. gxf4 Bb7 23. Ne5 Nxe5 24. fxe5 b3 25. Nf1 Ba8 26. h4 f4 27. f3 Ng3 28. Nxg3 fxg3 29. e3 Rb4 30. Rc3 Rfb8 31. Ra1 Kf7 32. Bf1 Bb7 33. a5 Bc8 34. Rxc6 Bd7 35. Rc7 R4b7 36. Rac1 Ke8 37. a6 Rxc7 38. Rxc7 Rc8 39. Rxc8+ Bxc8 40. Bb5+ Ke7 41. Kg2 h6 42. Kxg3 g5 43. hxg5 hxg5 44. Ba4 Bxa6 45. Bxb3 Bc4 46. Bd1 Kf7 47. Kg4 Kg6 48. Bc2+ Kh6 49. e6 Be2 50. Bb3 Kg6 51. Bxd5 Kf6 52. e4 Kg6 53. e5 1-0

[Event "FIDE Womens Grand Swiss 2021"]
[Site "Riga"]
[Date "2021.11.07"]
[Round "11.20"]
[White "Padmini, Rout"]
[Black "Arabidze, Meri"]
[Result "0-1"]
[ECO "A50"]
[WhiteElo "2380"]
[BlackElo "2441"]
[Annotator "NA RC"]
[PlyCount "98"]
[EventDate "2021.10.27"]
[EventType "swiss"]
[EventCountry "LAT"]
[Tiebreak "Cut1 Buchholz+Sonneborn-Berger (Swiss)"]
[SourceTitle "playchess.com"]
[Source "ChessBase"]
[SourceQuality "1"]
[TimeControl "40/6000+30:20/3000+30:900+30"]

1. Nf3 Nf6 2. g3 b6 3. Bg2 Bb7 4. O-O g6 5. c4 Bg7 6. Nc3 O-O 7. d4 Ne4 8. Qd3 Nxc3 9. bxc3 d6 10. e4 Nc6 11. Nd2 e5 12. d5 Nb8 13. f4 Nd7 14. f5 Bh6 15. Nf3 Bxc1 16. Raxc1 Kg7 17. Qe3 Ba6 18. fxg6 hxg6 19. Nd2 Qe7 20. Rf2 Rh8 21. Bf1 Raf8 22. Be2 Bc8 23. Bg4 Nc5 24. Bxc8 Rxc8 25. Rcf1 Rcf8 26. h4 f6 27. Rf3 Rh5 28. Nb3 Nd7 29. Kf2 f5 30. exf5 Rhxf5 31. Ke2 Rxf3 32. Rxf3 Rxf3 33. Qxf3 Nf6 34. g4 Qd7 35. g5 Nh5 36. Nd2 Qf5 37. Ne4 Kf7 38. Ke3 Ke7 39. Qf2 Qh3+ 40. Kd2 Nf4 41. Ng3 Ke8 42. Kc2 Qxh4 43. Kb3 Kd8 44. Qg1 Kc8 45. Ne4 Nd3 46. Nf6 Nc5+ 47. Kb4 a5+ 48. Kb5 Kb7 49. a4 Qh8 0-1

[Event "FIDE Womens Grand Swiss 2021"]
[Site "Riga"]
[Date "2021.11.07"]
[Round "11.21"]
[White "Milliet, Sophie"]
[Black "Rogule, Laura"]
[Result "0-1"]
[ECO "B33"]
[WhiteElo "2410"]
[BlackElo "2289"]
[Annotator "RC"]
[PlyCount "106"]
[EventDate "2021.10.27"]
[EventType "swiss"]
[EventCountry "LAT"]
[Tiebreak "Cut1 Buchholz+Sonneborn-Berger (Swiss)"]
[SourceTitle "playchess.com"]
[Source "ChessBase"]
[SourceQuality "1"]
[TimeControl "40/6000+30:20/3000+30:900+30"]

1. e4 c5 2. Nc3 Nc6 3. Nf3 Nf6 4. d4 cxd4 5. Nxd4 e5 6. Ndb5 d6 7. Nd5 Nxd5 8. exd5 Nb8 9. a4 Be7 10. Bd2 O-O 11. Be2 f5 12. O-O Nd7 13.
a5 a6 14. Na3 Nf6 15. Bb4 f4 16. Nc4 Rf7 17. Nb6 Rb8 18. c4 Bf5 19. Rc1 Qf8 20. Ba3 g5 21. c5 dxc5 22. d6 Bxd6 23. Bc4 Re8 24. Bxf7+ Kxf7 25. Nc4 Bb8 26. Qb3 Kg6 27. Qxb7 e4 28. Qxa6 f3 29. g3 Qh6 30. Rfd1 e3 31. Nxe3 Rxe3 32. Qf1 Re2 33. Rd8 Bc7 34. Ra8 Bd3 35. Qd1 Be4 36. Ra6 Rxf2 37. Rxf6+ Kxf6 38. Kxf2 Qxh2+ 39. Ke3 Bc6 40. Rxc5 Bf4+ 41. Kd3 Bb7 42. gxf4 f2 43. fxg5+ Kg6 44. Kc3 Qg3+ 45. Kb4 Qf4+ 46. Rc4 f1=Q 47. Qc2+ Qf5 48. Qh2 Qe1+ 49. Kb3 Qd1+ 50. Kb4 Qf8+ 51. Kb5 Qd5+ 52. Rc5 Qb3+ 53. Bb4 Qe8+ 0-1